 Dungeon Crawl Stone Soup version 0.29-a0-383-g8b6f518c11 (webtiles) character file.

Game seed: 16632889353765018928

931 KateP the Chopper (level 7, -8/61 (63) HPs)
             Began as a Minotaur Fighter on May 6, 2022.
             Was an Initiate of Okawaru.
             Mangled by Duvessa
             ... wielding a +1 short sword of draining
              (9 damage)
             ... on level 5 of the Dungeon.
             The game lasted 00:06:01 (4612 turns).

KateP the Chopper (Minotaur Fighter)                Turns: 4612, Time: 00:06:01

HP:   -8/61 (63)    AC: 14    Str: 23    XL:     7   Next: 86%
MP:   6/6           EV:  9    Int:  5    God:    Okawaru [......]
Gold: 188           SH: 10    Dex:  9    Spells: 6/6 levels left

rFire   . . .      SeeInvis .   a - +0 war axe
rCold   + . .      Faith    .   c - +0 buckler
rNeg    . . .      Spirit   .   n - +2 scale mail {rC+}
rPois   .          Reflect  +   (helmet restricted)
rElec   .          Harm     .   (no cloak)
rCorr   .          Rampage  .   u - +0 pair of gloves
Will    .....                   (no boots)
Stlth   ..........              j - amulet of reflection
HPRegen 0.20/turn               r - +4 ring of protection
MPRegen 0.10/turn               (no ring)

@: mighty, lit by a corona, glowing, lightly drained
A: horns 2, retaliatory headbutt
a: Renounce Religion


You were on level 5 of the Dungeon.
You worshipped Okawaru.
Okawaru was noncommittal.
You visited 2 branches of the dungeon, and saw 6 of its levels.

You collected 188 gold pieces.

Inventory:

Hand Weapons
 a - a +0 war axe (weapon)
 v - a +3 vampiric falchion
Missiles
 B - a throwing net (quivered)
Armour
 c - a +0 buckler (worn)
 n - a +2 scale mail of cold resistance (worn)
 u - a +0 pair of gloves (worn)
Jewellery
 j - an amulet of reflection (around neck)
 r - a +4 ring of protection (left hand)
Scrolls
 h - a scroll of blinking {unknown}
 i - 2 scrolls of fog {unknown}
 k - 3 scrolls of identify {unknown}
 o - a scroll of enchant weapon {unknown}
 p - a scroll of teleportation {unknown}
 q - a scroll of immolation {unknown}
 s - a scroll of silence {unknown}
 w - a scroll of noise {unknown}
 y - a scroll of torment {unknown}
Potions
 b - a potion of mutation {unknown}
 e - 3 potions of curing {unknown}
 f - a potion of degeneration {unknown}
 g - 2 potions of berserk rage {unknown}
 l - 2 potions of ambrosia {unknown}
 m - 2 potions of heal wounds {unknown}
 t - a potion of lignification {unknown}
 x - a potion of resistance {unknown}
 z - a potion of haste {unknown}
 A - 2 potions of invisibility {unknown}
 C - a potion of attraction {unknown}


   Skills:
 + Level 6.0 Fighting
 * Level 7.2 Axes
 + Level 6.0 Armour
 + Level 6.0 Shields


You had 6 spell levels left.
You didn't know any spells.
Your spell library contained the following spells:

 Spells                   Type           Power      Damage    Failure   Level
 Slow                     Hex            0%         N/A       85%         1
 Confusing Touch          Hex            0%         N/A       99%         3
 Conjure Flame            Conj/Fire      0%         6-21      99%         3
 Ignite Poison            Fire/Tmut/Pois 0%         N/A       99%         3
 Vampiric Draining        Necr           0%         2d6       99%         3
 Sticky Flame             Conj/Fire      0%         2d3       100%        4


Dungeon Overview and Level Annotations

Branches:
Dungeon (5/15)             Temple (1/1) D:5

Altars:
Ashenzari
Cheibriados
Dithmenos
Elyvilon
Fedhas
Gozag
Hepliaklqana
Kikubaaqudgha
Makhleb
Nemelex Xobeh
Okawaru
Qazlal
Ru
Sif Muna
Uskayaw
Vehumet
Wu Jian
Xom
Yredelemnul
Zin
The Shining One

Shops:
D:1 [*?[

Annotations:
D:5 Dowan, Duvessa


Innate Abilities, Weirdness & Mutations

You have a pair of horns on your head.
You reflexively headbutt those who attack you in melee.


Message History

The gnoll hits you but does no damage. The gnoll hits you with a +0 spear. x2
The gnoll shaman hits you but does no damage.
Unknown command.
You slash the gnoll!
You kill the gnoll!
Okawaru accepts your kill.
You hit the gnoll.
You hit the gnoll shaman but do no damage.
The gnoll hits you with a +0 spear.
* * * LOW HITPOINT WARNING * * *
The gnoll shaman invokes the aid of its god against you.
You are outlined in light.
You block the gnoll's attack.
You slash Duvessa! You headbutt Duvessa, but do no damage.
Duvessa is moderately wounded.
You barely miss the gnoll shaman. You hit the gnoll but do no damage.
You are no longer corroded.
The gnoll hits you but does no damage.
The gnoll shaman hits you with a +0 whip!
* * * LOW HITPOINT WARNING * * *
You block Duvessa's attack. The gnoll hits you but does no damage.
You feel very mighty all of a sudden.
The gnoll shaman prays to its god.
The gnoll shaman is healed somewhat.
Duvessa hits you with a +1 short sword of draining.
* * * LOW HITPOINT WARNING * * *
You feel drained. The gnoll barely misses you.
You barely miss Duvessa.
Duvessa is moderately wounded.
You closely miss the gnoll. You hit the gnoll shaman.
You block the gnoll's attack.
Duvessa gestures with her weapon.
Duvessa hits you but does no damage.
You feel drained.
The gnoll shaman hits you but does no damage.
The gnoll hits you with a +0 spear.
* * * LOW HITPOINT WARNING * * *
The gnoll shaman hits you with a +0 whip.
* * * LOW HITPOINT WARNING * * *
Dowan, Brother of Duvessa comes into view.
He is wielding a +0 dagger and wearing a +2 robe of positive energy.
Duvessa hits you with a +1 short sword of draining!
You die...

....... # ## .......
.. ... ...... .##...
..........## ......
..?...#.... #......
PPPP...#...##......#
P..P......!.#g.....#
P..P........@el..#
..PPP........g.##e.#
.......[......## .#
...............## ..
....###...#.8.#.#....
#...#..............#
##.......8.>.8...###
##.#.............##
##...###..>#.8.##..#


You could see Duvessa, Dowan (wandering), a gnoll shaman, an iguana and a gnoll
(fast).

Vanquished Creatures
  Sigmund (D:2)
  An acid dragon (D:5)
  2 ogres
  A phantom (D:4)
  A bullfrog (D:4)
  A necrophage (D:5)
  A gnoll shaman (D:4)
  Jessica (D:2)
  An iguana (D:4)
  Terence (D:3)
  An orc wizard (D:5)
  5 gnolls
  5 adders
  A worm (D:4)
  7 orcs (D:5)
  A bat (D:1)
  3 endoplasms
  4 giant cockroaches (D:1)
  9 goblins
  7 hobgoblins
  6 jackals (D:2)
  6 quokkas
  6 ball pythons
  3 frilled lizards
  9 kobolds
  8 rats
92 creatures vanquished.

Notes
Turn   | Place    | Note
-------+----------+-------------------------------------------
     0 | D:1      | KateP the Minotaur Fighter began the quest for the Orb.
     0 | D:1      | Reached XP level 1. HP: 19/19 MP: 0/0
   258 | D:1      | Found Potiheem's Assorted Antiques.
   273 | D:1      | Reached XP level 2. HP: 27/27 MP: 1/1
   312 | D:1      | Found Wakloat's Magic Scroll Boutique.
   346 | D:1      | Reached skill level 3 in Axes
   383 | D:1      | Found Vaac Inkie's Armour Shop.
  1016 | D:1      | Found Yhagalu's Antique Armour Boutique.
  1027 | D:1      | Reached XP level 3. HP: 33/33 MP: 2/2
  1324 | D:2      | Noticed Sigmund
  1339 | D:2      | Killed Sigmund
  1340 | D:2      | Reached skill level 4 in Axes
  1340 | D:2      | Reached XP level 4. HP: 11/41 MP: 3/3
  1340 | D:2      | Reached XP level 5. HP: 12/47 MP: 4/4
  1696 | D:2      | Noticed Jessica
  1716 | D:2      | Killed Jessica
  1717 | D:2      | Reached skill level 5 in Axes
  1839 | D:2      | Found a faded altar of an unknown god.
  2469 | D:3      | Noticed Terence
  2477 | D:3      | Killed Terence
  2478 | D:3      | Reached XP level 6. HP: 47/55 MP: 5/5
  3159 | D:4      | Reached skill level 5 in Fighting
  3159 | D:4      | Reached skill level 5 in Armour
  3159 | D:4      | Reached skill level 5 in Shields
  3267 | D:4      | Reached skill level 6 in Axes
  3267 | D:4      | Reached XP level 7. HP: 44/61 MP: 6/6
  4073 | D:5      | Entered Level 5 of the Dungeon
  4075 | D:5      | Found a staircase to the Ecumenical Temple.
  4161 | Temple   | Entered the Ecumenical Temple
  4327 | Temple   | Became a worshipper of Warmaster Okawaru
  4600 | D:5      | Reached skill level 7 in Axes
  4607 | D:5      | Noticed Duvessa
  4612 | D:5      | HP: 3/61 [gnoll/+0 spear[a gnoll shaman] (3)]
  4612 | D:5      | HP: 1/61 [gnoll shaman/+0 whip (2)]
  4612 | D:5      | Noticed Dowan
  4612 | D:5      | Mangled by Duvessa

Illustrated notes

Levels and vault maps discovered:
D:1:      dpeg_arrival_prison, layout_loops_ring, serial_shops,
          nicolae_square_shop, shop, shop, nicolae_shop_crystal,
          kennysheep_nondescript, chequers_serial_rivers_micro_e,
          grunt_decor_resistance, minmay_door_square, roderic_three_in_a_row,
          hex_large
D:2:      layout_loops_corners, ebering_ecumenical_altar_hall,
          kennysheep_generic_room_14, uniq_jessica, uniq_sigmund
D:3:      layout_basic, uniq_terence
D:4:      layout_cave_pools, serial_forest, infiniplex_forest_lined_2,
          infiniplex_forest_lined_room_3, infiniplex_forest_lined_2,
          infiniplex_forest_lined_room_2, infiniplex_forest_straight_1,
          infiniplex_forest_end_3, infiniplex_forest_corner_1
D:5:      layout_cave_pools, minmay_temple_entry_statues_pillars, serial_park,
          serial_park_gazebo [serial_park_minivault_5x5_3], serial_park_tiny_2,
          serial_park_square2, serial_park_square3
          [serial_park_minivault_5x5_7], uniq_duvessa
Temple:   regret_index_temple_sigil_plot

Skill      XL: |  1  2  3  4  5  6  7 |
---------------+----------------------+-----
Axes           | 3 4 5 6 7 |  7.2
Armour         | 4 5 6 |  6.0
Fighting       | 4 5 6 |  6.0
Shields        | 4 5 6 |  6.0

Action                   |  1- 3 |  4- 6 |  7- 9 || total
-------------------------+-------+-------+-------++-------
Melee: War axe           |    74 |    79 |    73 ||   226
       Headbutt          |    12 |    11 |     9 ||    32
  Use: Potion            |       |     1 |     1 ||     2
Armor: Scale mail        |    29 |    30 |    69 ||   128
Dodge: Dodged            |    34 |    50 |    47 ||   131
Block: Buckler           |    16 |    48 |    45 ||   109

Table legend: (Time is in decaauts)
 A = Elapsed time spent in this place.
 B = Non-inter-level travel time spent in this place.
 C = Inter-level travel time spent in this place.
 D = Time resting spent in this place.
 E = Time spent auto-exploring this place.
 F = Levels seen in this place.
 G = Mean time per level.
                   A        B        C        D        E       F      G
               +--------+--------+--------+--------+--------+-----+--------+
         Total |   4677 |   4677 |      0 |    477 |   3218 |   6 |  779.5 |
       Dungeon |   4251 |   4251 |      0 |    477 |   2845 |   5 |  850.2 |
        Temple |    425 |    425 |      0 |      0 |    373 |   1 |  425.0 |
               +--------+--------+--------+--------+--------+-----+--------+

Top non-repeatable levels by time:
     D:2: 1347 daAuts
     D:1: 1158 daAuts
     D:4: 938 daAuts
     D:3: 683 daAuts
  Temple: 425 daAuts
     D:5: 123 daAuts
